 Dungeon Crawl Stone Soup version 0.27-a0-1105-g946c659c87 (webtiles) character file.

Game seed: 18178320157645761147

6306 DogServant the Fighter (level 10, -8/68 HPs)
             Began as a Gargoyle Earth Elementalist on Apr 30, 2021.
             Was an Initiate of Ashenzari.
             Killed by divine providence
             ... invoked by an orc priest
              (15 damage)
             ... on level 9 of the Dungeon.
             The game lasted 00:31:08 (11916 turns).

DogServant the Fighter (GrEE)                      Turns: 11916, Time: 00:31:09

Health: -8/68      AC: 13    Str: 21    XL:     10   Next: 95%
Magic:  14/14      EV: 10    Int: 16    God:    Ashenzari [......]
Gold:   403        SH:  0    Dex: 13    Spells: 6/15 levels left

rFire    + . .     SeeInvis .   c - +6 whip of Lyiporph {vorpal, Will- Dex+3}
rCold    + . .     Faith    .   (no shield)
rNeg     + . .     Spirit   .   q - +0 scale mail
rPois    ∞         Reflect  .   j - +0 helmet "At What Cost Knowledge?" {Self, Fort} (curse)
rElec    +         Harm     .   C - scarf {rC+ rF+}
rCorr    .         Rampage  .   (no gloves)
Will     .....                  (no boots)
Stlth    +.........             (no amulet)
HPRegen  0.21/turn              t - +6 ring of strength
MPRegen  0.14/turn              v - +4 ring of protection

@: corroded
A: AC +7, negative energy resistance 1, electricity resistance, torment
resistance 1, unbreathing 1, petrification resistance
a: Renounce Religion, Curse Item, Shatter the Chains


You were on level 9 of the Dungeon.
You worshipped Ashenzari.
Ashenzari was noncommittal.
You visited 2 branches of the dungeon, and saw 10 of its levels.
You also visited: Bailey.

You collected 403 gold pieces.

Inventory:

Hand Weapons
 c - the +6 whip of Lyiporph (weapon) {vorpal, Will- Dex+3}
   (You found it on level 7 of the Dungeon)

   It inflicts extra damage upon your enemies.
   It affects your dexterity (+3).
   It decreases your willpower.
 g - a +1 dagger of venom
 z - a +1 flail of protection
Missiles
 b - 367 stones
 e - 3 javelins (quivered)
 k - 8 atropa-tipped darts
Armour
 j - the cursed +0 helmet "At What Cost Knowledge?" (worn) {Self, Fort}
   (You found it on level 1 of the Dungeon)

   It has a curse which improves the following skills: Introspection: Fighting
   and Spellcasting.
   Fortitude: Armour and Shields.
 p - a +0 cloak
 q - a +0 scale mail (worn)
 u - a +0 kite shield
 w - a +0 chain mail
 A - a +0 tower shield
 C - a scarf of resistance (worn)
Jewellery
 f - a ring of flight
 t - a +6 ring of strength (left hand)
 v - a +4 ring of protection (right hand)
Wands
 m - a wand of acid (4)
Scrolls
 h - 3 scrolls of amnesia
 i - 4 scrolls of enchant armour
 o - 2 scrolls of enchant weapon
 s - a scroll of fog
 y - 2 scrolls of vulnerability
Potions
 a - a potion of might
 d - a potion of haste
 l - a potion of invisibility
 n - 3 potions of magic
 r - a potion of cancellation
 x - a potion of flight


   Skills:
 - Level 9.8(10.3) Fighting
 + Level 8.5 Maces & Flails
 - Level 8.8(9.3) Armour
 - Level 1.5 Dodging
 - Level 2.1 Stealth
 + Level 0.7(1.0) Shields
 - Level 2.5(3.0) Spellcasting
 - Level 4.3 Conjurations
 - Level 0.7 Transmutations
 - Level 6.5 Earth Magic


You had 6 spell levels left.
You knew the following spells:

 Your Spells              Type           Power      Damage    Failure   Level
a - Sandblast             Erth           46%        2d11      3%          1
b - Stone Arrow           Conj/Erth      38%        3d9       14%         3
c - Lee's Rapid Deconstr  Erth           11%        3d9*      63%         5

Your spell library contained the following spells:

 Spells                   Type           Power      Damage    Failure   Level
 Passwall                 Tmut/Erth      11%        N/A       16%         2
 Foxfire                  Conj/Fire      36%        2x1d5     19%         1
 Conjure Flame            Conj/Fire      9%         6-21      50%         3
 Petrify                  Tmut/Erth      14%        N/A       69%         4
 Inner Flame              Hex/Fire       2%         N/A       78%         3
 Sticky Flame             Conj/Fire      9%         2d3       88%         4
 Fireball                 Conj/Fire      4%         3d4       99%         5


Dungeon Overview and Level Annotations

Branches:
Dungeon (9/15)             Temple (1/1) D:5          Bailey (visited)
   Lair: D:8-11         Orc: D:9-12

Altars:
Ashenzari
Cheibriados
Elyvilon
Fedhas
Gozag
Hepliaklqana
Makhleb
Nemelex Xobeh
Qazlal
Ru
Sif Muna
Uskayaw
Vehumet
Wu Jian
Xom
Yredelemnul
Zin
Lugonu

Shops:
D:4 *   D:6 =

Annotations:
D:7 1 runed translucent door, Djamper's ghost, novice TrFi


Innate Abilities, Weirdness & Mutations

Your stone body is resilient. (AC +7)
You are immune to poison.
You resist negative energy. (rN+)
You are resistant to electric shocks. (rElec)
You are resistant to unholy torment.
You can survive without breathing.
You are immune to petrification.


Message History

The orc hits you but does no damage.
The orc priest hits you but does no damage.
You hit the acid dragon.
The acid dragon is moderately wounded.
The acid dragon bites you!
* * * LOW HITPOINT WARNING * * *
The acid dragon barely misses you. The orc barely misses you.
The orc completely misses you. The orc priest closely misses you.
You hit the acid dragon but do no damage.
The acid dragon is moderately wounded.
The acid dragon misses you. The acid dragon claws you.
* * * LOW HITPOINT WARNING * * *
The orc completely misses you.
You hit the acid dragon.
The acid dragon is moderately wounded.
The orc closely misses you. The orc priest barely misses you.
You barely miss the acid dragon.
The acid dragon is moderately wounded.
The acid dragon bites you.
* * * LOW HITPOINT WARNING * * *
The acid dragon claws you but does no damage.
The orc hits you but does no damage. x2
The orc priest hits you but does no damage.
You hit the acid dragon but do no damage.
The acid dragon is moderately wounded.
The acid dragon barely misses you.
The acid dragon claws you but does no damage.
The orc hits you but does no damage.
You hit the acid dragon but do no damage.
The acid dragon is moderately wounded.
The orc misses you. The orc priest barely misses you.
You hit the acid dragon but do no damage.
The acid dragon is moderately wounded.
The acid dragon bites you.
* * * LOW HITPOINT WARNING * * *
The acid dragon barely misses you. The orc closely misses you.
The orc barely misses you.
The orc priest mumbles some strange prayers to Beogh against you.
Beogh smites you!
You die...

. o ### ##. #.#
##..##### #.#
........# ######.###
........#
#........####
.......o###
#...........#
......oD@o#
#.)......##..
.......o#)#
#.......(####
........#.# #........#
###+#####.###........#
#............#
#####........#
####....## ####... ...


You could see an acid dragon, an orc priest and 3 orcs.

Vanquished Creatures
  2 orc sorcerers (Bailey)
  A hornet (D:7)
  Grinder (D:3)
  A shadow (D:6)
  A wyvern (D:8)
  Sigmund (D:3)
  A steam dragon (D:9)
  2 water moccasins (D:4)
  A black bear (D:5)
  11 orc warriors
  A sky beast (D:6)
  6 ogres
  2 ice beasts (D:5)
  2 necrophages
  2 centaurs
  A phantom (D:7)
  A kobold brigand (D:8)
  Blork the orc (D:9)
  2 gnoll sergeants (D:9)
  2 bullfrogs
  3 scorpions
  A water moccasin zombie (D:6)
  3 killer bees (D:9)
  3 wights (D:6)
  4 electric eels
  3 howler monkeys (D:7)
  A centaur zombie (D:9)
  2 orc priests
  2 hounds (D:5)
  A gnoll shaman (D:6)
  3 bullfrog skeletons
  3 centaur skeletons
  Natasha (thrice) (D:3)
  Terence (D:2)
  6 orc wizards
  A killer bee zombie (D:8)
  A howler monkey zombie (D:5)
  7 adders
  10 gnolls
  A worm (D:2)
  A dart slug (D:3)
  20 orcs
  6 endoplasms
  3 giant cockroaches
  13 goblins
  7 hobgoblins
  11 quokkas
  4 ball pythons
  5 bats
  8 kobolds
  A rat (D:2)
180 creatures vanquished.

Vanquished Creatures (others)
  An orc (Bailey)
  A goblin (Bailey)
2 creatures vanquished.

Grand Total: 182 creatures vanquished

Notes
Turn   | Place    | Note
-------+----------+-------------------------------------------
     0 | D:1      | DogServant the Gargoyle Earth Elementalist began the quest
                  | for the Orb.
     0 | D:1      | Reached XP level 1. HP: 10/10 MP: 3/3
   275 | D:1      | Reached skill level 1 in Fighting
   381 | D:1      | Reached XP level 2. HP: 16/16 MP: 5/5
   571 | D:1      | Reached XP level 3. HP: 14/21 MP: 6/6
   716 | D:1      | Reached skill level 2 in Fighting
   720 | D:1      | Learned a level 3 spell: Stone Arrow
   793 | D:1      | Found a faded altar of an unknown god.
  1244 | D:2      | Reached skill level 5 in Earth Magic
  1275 | D:2      | Noticed Terence
  1294 | D:2      | Killed Terence
  1295 | D:2      | Reached XP level 4. HP: 19/26 MP: 7/7
  1442 | D:2      | Reached skill level 1 in Conjurations
  1492 | D:2      | You fall into a shaft and drop 1 floor!
  1561 | D:3      | Found a snail-covered altar of Cheibriados.
  1644 | D:3      | Noticed Natasha
  1653 | D:3      | Killed Natasha
  1654 | D:3      | Reached XP level 5. HP: 30/31 MP: 6/8
  1685 | D:3      | Found a sparkling altar of Nemelex Xobeh.
  1686 | D:3      | Noticed Sigmund
  1803 | D:3      | Killed Sigmund
  1804 | D:3      | Reached skill level 3 in Fighting
  1804 | D:3      | Reached XP level 6. HP: 11/37 MP: 7/9
  2081 | D:3      | Noticed Natasha
  2167 | D:3      | Killed Natasha
  2171 | D:3      | Noticed Natasha
  2173 | D:3      | Killed Natasha
  2503 | D:3      | Found an opulent altar of Gozag.
  2654 | D:3      | Noticed Grinder
  2659 | D:3      | Killed Grinder
  2660 | D:3      | Reached skill level 4 in Fighting
  2660 | D:3      | Reached XP level 7. HP: 27/44 MP: 4/10
  3781 | D:4      | Reached skill level 1 in Maces & Flails
  4056 | D:4      | Found Vyhuip's Serpentskin Sales.
  4070 | D:4      | Reached skill level 5 in Fighting
  4070 | D:4      | Reached skill level 5 in Armour
  4074 | D:4      | Reached XP level 8. HP: 36/49 MP: 3/11
  4345 | D:5      | Entered Level 5 of the Dungeon
  4484 | D:5      | Found a staircase to the Ecumenical Temple.
  4491 | Temple   | Entered the Ecumenical Temple
  4591 | D:5      | Found a basalt altar of Yredelemnul.
  4633 | Temple   | Became a worshipper of Ashenzari the Shackled
  4868 | D:5      | Learned a level 5 spell: Lee's Rapid Deconstruction
  5030 | D:5      | Found an ornate altar of the Wu Jian Council.
  5391 | D:5      | Reached skill level 6 in Fighting
  5471 | D:5      | Reached XP level 9. HP: 46/55 MP: 2/12
  5890 | D:6      | Reached skill level 5 in Maces & Flails
  6053 | D:6      | Reached skill level 7 in Fighting
  6608 | D:6      | Found Okiwubel's Jewellery Shoppe.
  7082 | D:7      | Noticed Djamper's ghost (novice TrFi)
  7179 | D:7      | Found a sacrificial altar of Ru.
  7339 | D:7      | Found a stormy altar of Qazlal.
  7362 | D:7      | Found a burning altar of Makhleb.
  7363 | D:7      | Identified the +6 whip of Lyiporph {vorpal, Will- Dex+3}
  7535 | D:7      | Noticed a hornet
  7543 | D:7      | Killed a hornet
  7544 | D:7      | Reached skill level 8 in Fighting
  7774 | D:7      | Found a runed translucent door.
  7810 | D:7      | Reached XP level 10. HP: 59/65 MP: 6/13
  7983 | D:7      | Found a hide-covered altar of Uskayaw.
  8435 | D:8      | Found a flagged portal.
  8445 | Bailey   | Entered a bailey
  8695 | Bailey   | Found an iron altar of Okawaru.
  8695 | Bailey   | Noticed an orc sorcerer
  8695 | Bailey   | Noticed an orc sorcerer
  8716 | Bailey   | Killed an orc sorcerer
  8908 | Bailey   | Paralysed by an orc sorcerer for 5 turns
  8921 | Bailey   | Paralysed by an orc sorcerer for 5 turns
  8930 | Bailey   | HP: 3/66 [electric eel/bolt of electricity (3)]
  9169 | Bailey   | Killed an orc sorcerer
  9170 | Bailey   | Reached skill level 9 in Fighting
  9594 | Bailey   | HP: 2/67 [orc warrior/+0 hand axe (8)]
 10415 | D:8      | Found a white marble altar of Elyvilon.
 10922 | D:8      | Found a white marble altar of Elyvilon.
 11437 | D:9      | Noticed Blork the orc
 11439 | D:9      | Identified the +11 double sword of Linearity {speed, Will+}
 11451 | D:9      | Killed Blork the orc
 11764 | D:9      | Found a hazy altar of Hepliaklqana.
 11916 | D:9      | Killed from afar by an orc priest

Illustrated notes

Levels and vault maps discovered:
D:1:      dpeg_arrival_arbitrary_b, layout_loops_corners,
          hellmonk_ecumenical_altar_pennies_from_heaven
D:2:      layout_basic, uniq_terence
D:3:      layout_basic, nicolae_overflow_hidden_temple, amcnicky_altar_gilded,
          uniq_grinder, uniq_natasha, uniq_sigmund
D:4:      layout_basic, kennysheep_small_spiral, guppyfry_shop_venom
D:5:      black_bear_nest_1, layout_rooms, nzn_wu_jian_contemplation,
          nicolae_overflow_crystal_walls, minmay_temple_entry_sparse_star
D:6:      minmay_evil_eye, layout_basic, serial_shops, shop, minivault_14
D:7:      layout_cave_pools, lemuel_tele_altar, bloody_makhleb,
          old_standard_altar, lemuel_coloured_pillars_altar,
          hellmonk_ghost_happy_afterlife, minmay_tree_intersection,
          minmay_crystal_room, minmay_misc_feat_iff
D:8:      layout_layer_cave, old_standard_altar, enter_bailey_3
D:9:      layout_roguey, marbit_many_paths, grunt_dithmenos_shadows,
          minmay_misc_feat_rugged, sword_in_stone
Temple:   corrupted_temple

Skill      XL: |  1  2  3  4  5  6  7  8  9 10 |
---------------+-------------------------------+-----
Fighting       | 1 2 3 4 5 6 8 9 |  9.8
Earth Magic    | 4 5 6 |  6.5
Conjurations   | 1 2 3 4 |  4.3
Armour         | 2 4 5 7 8 |  8.8
Maces & Flails | 2 4 6 8 |  8.5
Dodging        | |  1.5
Stealth        | |  2.1
Shields        | |  0.7
Spellcasting   | |  2.5
Transmutations | |  0.7

Action                   |  1- 3 |  4- 6 |  7- 9 | 10-12 || total
-------------------------+-------+-------+-------+-------++-------
Melee: Spear             |    68 |    62 |       |       ||   130
       Dagger            |       |       |    40 |       ||    40
       Flail             |       |       |   102 |    79 ||   181
       Whip              |       |       |    30 |   207 ||   237
Throw: Javelin           |     4 |     5 |       |     5 ||    14
 Cast: Sandblast         |       |    23 |    12 |     5 ||    40
       Stone Arrow       |       |       |    55 |    21 ||    76
Invok: Curse Item        |       |       |     1 |       ||     1
Evoke: Wand              |       |     2 |       |     2 ||     4
  Use: Scroll            |       |     5 |     1 |     3 ||     9
       Potion            |       |       |       |     5 ||     5
 Stab: Sleeping          |     3 |     1 |       |       ||     4
Armor: Robe              |    16 |     7 |       |       ||    23
       Ring mail         |       |    17 |   125 |   109 ||   251
       Scale mail        |       |       |       |    38 ||    38
Dodge: Dodged            |    31 |    24 |   104 |   150 ||   309

Table legend: (Time is in decaauts)
 A = Elapsed time spent in this place.
 B = Non-inter-level travel time spent in this place.
 C = Inter-level travel time spent in this place.
 D = Time resting spent in this place.
 E = Time spent auto-exploring this place.
 F = Levels seen in this place.
 G = Mean time per level.
                   A        B        C        D        E       F      G
               +--------+--------+--------+--------+--------+-----+--------+
         Total |  11881 |  11241 |    640 |   1224 |   8358 |  11 | 1080.1 |
       Dungeon |  10652 |  10054 |    598 |    607 |   8085 |   9 | 1183.6 |
        Temple |     84 |     42 |     42 |      0 |     21 |   1 |   84.0 |
        Bailey |   1144 |   1144 |      0 |    617 |    252 |   1 | 1144.0 |
               +--------+--------+--------+--------+--------+-----+--------+

Top non-repeatable levels by time:
     D:8: 1735 daAuts
     D:3: 1508 daAuts
     D:6: 1412 daAuts
     D:7: 1337 daAuts
     D:5: 1253 daAuts
     D:1: 1155 daAuts
  Bailey: 1144 daAuts
     D:4: 1017 daAuts
     D:2: 684 daAuts
     D:9: 548 daAuts
  Temple: 84 daAuts
